 Dungeon Crawl Stone Soup version 0.31-a0-986-g5e6e4ef867 (webtiles) character file.

Game seed: 8191358132248005675

7 Adrian566 the Shield-Bearer (level 1, 0/18 HPs)
             Began as a Demigod Fighter on Nov 11, 2023.
             Frozen to death by an endoplasm (2 damage)
             ... on level 1 of the Dungeon.
             The game lasted 00:00:15 (309 turns).

Adrian566 the Shield-Bearer (Demigod Fighter)        Turns: 309, Time: 00:00:16

Health: 0/18       AC:  6    Str: 17    XL:     1   Next: 73%
Magic:  3/3        EV:  9    Int: 10    God:
Gold:   3          SH:  4    Dex: 13    Spells: 0/0 levels left

rFire   . . .        a - +0 war axe
rCold   . . .        c - +0 buckler
rNeg    . . .        b - +0 scale mail
rPois   .            (no helmet)
rElec   .            (no cloak)
rCorr   .            (no gloves)
SInv    .            (no boots)
Will    .....        (no amulet) Stlth
                     (no ring)
HPRegen 0.23/turn    (no ring)
MPRegen 0.08/turn

%: no passive effects
@: no status effects
A: high MP 1, forlorn, divine attributes
a: no special abilities


You were on level 1 of the Dungeon.
You visited 1 branch of the dungeon, and saw 1 of its levels.

You collected 3 gold pieces.

Inventory:

Hand Weapons
 a - a +0 war axe (weapon)
Armour
 b - a +0 scale mail (worn)
 c - a +0 buckler (worn)
Scrolls
 e - a scroll of identify {unknown}
 f - a scroll of amnesia {unknown}
Potions
 d - a potion of might


   Skills:
 + Level 2.8 Fighting
 * Level 1.8 Axes
 + Level 2.8 Armour
 + Level 2.8 Shields


You couldn't memorise any spells.
You didn't know any spells.
Your spell library was empty.

Dungeon Overview and Level Annotations

Branches:
Dungeon (1/15)


Innate Abilities, Weirdness & Mutations

You have an increased reservoir of magic. (+10% MP)
You shall have no god before yourself.
Your divine heritage dramatically boosts your attributes as you level up.


Message History

You are too injured to fight recklessly!
You are too injured to fight recklessly!
You are too injured to fight recklessly!
You are too injured to fight recklessly!
You are too injured to fight recklessly!
You are too injured to fight recklessly!
You are too injured to fight recklessly!
You are too injured to fight recklessly!
You are too injured to fight recklessly!
Unknown command.
You barely miss the hobgoblin.
The hobgoblin hits you but does no damage.
You barely miss the hobgoblin.
The hobgoblin hits you but does no damage. x2
You barely miss the hobgoblin. The hobgoblin hits you.
You closely miss the hobgoblin.
The hobgoblin hits you but does no damage.
You hit the hobgoblin.
You kill the hobgoblin!
You block the bat's attack. The endoplasm freezes you.
You are frozen.
You barely miss the endoplasm. The endoplasm closely misses you.
You hit the endoplasm.
The endoplasm is lightly wounded.
You block the endoplasm's attack. The endoplasm freezes you.
You are frozen.
* * * LOW HITPOINT WARNING * * *
You barely miss the endoplasm.
The endoplasm is lightly wounded.
The endoplasm freezes you.
You are frozen.
* * * LOW HITPOINT WARNING * * *
You hit the endoplasm but do no damage.
The endoplasm is lightly wounded.
You block the endoplasm's attack. The endoplasm freezes you.
You are frozen.
You die...

.#.#.#.#..###.#.#.#.###
.#.#.#.#..# #.#.#....
.#.#.#.#..# #.#.#.#.#
.#.#.#.#..# #.#.#.#.#
.#.#.#.#..# #.#.#.#.#
.#.#.#.#..###.#.#.# #
............#.#...#.#+##
##...#.#..#.#.#.........
................@.##...
.......##...#..##J#
..#.#..##......# b[.
...................##
.......#†.#.....##.#
......##..#..#..##..
###...##..#..#......#
#...##..#..#.#.####
#...#..†#.......


You could see an endoplasm and a bat.

Vanquished Creatures
  A bat (D:1)
  A hobgoblin (D:1)
  2 jackals (D:1)
  A ball python (D:1)
  A frilled lizard (D:1)
  A rat (D:1)
7 creatures vanquished.

Notes
Turn   | Place    | Note
-------+----------+-------------------------------------------
     0 | D:1      | Adrian566 the Demigod Fighter began the quest for the Orb.
     0 | D:1      | Reached XP level 1. HP: 18/18 MP: 3/3
   309 | D:1      | Frozen to death by an endoplasm

Illustrated notes

Levels and vault maps discovered:
D:1:      eino_arrival_cavern_b, layout_basic, minmay_misc_feat_hallway,
          minmay_tetromino_o4

Action                     || total
---------------------------++-------
  Melee: War axe           ||    22
 Armour: Scale mail        ||    11
  Dodge: Dodged            ||     7
  Block: Buckler           ||     7

Table legend: (Time is in decaauts)
 A = Elapsed time spent in this place.
 B = Non-inter-level travel time spent in this place.
 C = Inter-level travel time spent in this place.
 D = Time resting spent in this place.
 E = Time spent auto-exploring this place.
 F = Levels seen in this place.
 G = Mean time per level.
                   A        B        C        D        E       F      G
               +--------+--------+--------+--------+--------+-----+--------+
         Total |    319 |    319 |      0 |      0 |    269 |   1 |  319.0 |
       Dungeon |    319 |    319 |      0 |      0 |    269 |   1 |  319.0 |
               +--------+--------+--------+--------+--------+-----+--------+

Top non-repeatable levels by time:
     D:1: 319 daAuts
